 Dungeon Crawl Stone Soup version 0.16.0-17-g811c1d7 (webtiles) character file.

107 serseaman the Shield-Bearer (level 4, -1/41 HPs)
             Began as a Minotaur Fighter on Mar 20, 2015.
             Was an Initiate of Nemelex Xobeh.
             Killed by nerve-wracking pain
             ... invoked by Jessica
              (6 damage)
             ... on level 3 of the Dungeon.
             The game lasted 00:13:34 (1426 turns).

serseaman the Shield-Bearer (Minotaur Fighter)      Turns: 1426, Time: 00:13:34

Health: -1/41      AC:  8    Str: 21    XL:     4   Next: 56%
Magic:  2/2        EV:  3    Int:  5    God:    Nemelex Xobeh [......]
Gold:   127        SH:  9    Dex: 10    Spells: 0 memorised, 3 levels left

rFire  . . .     SeeInvis .     l - +2 falchion (freeze)
rCold  . . .     Clarity  .     b - +1 scale mail
rNeg   . . .     SustAb   .     c - +0 shield
rPois  .         Gourm    .     (helmet restricted)
rElec  .         Spirit   .     (no cloak)
rCorr  .         Warding  .     (no gloves)
rMut   .         Rnd*Tele +     (no boots)
MR     .....                    (no amulet)
Stlth  ..........               k - ring of teleportation (curse)
                                j - -5 ring of evasion

@: not resistant to hostile enchantments, extremely unstealthy
A: retaliatory headbutt, horns 2
a: Renounce Religion, Evoke Teleportation


You were on level 3 of the Dungeon.
You worshipped Nemelex Xobeh.
Nemelex Xobeh was noncommittal.
You were very full.

You visited 1 branch of the dungeon, and saw 3 of its levels.

You collected 127 gold pieces.

Inventory:

Hand weapons
 a - a +0 long sword
 l - a +2 falchion of freezing (weapon)
Armour
 b - a +1 scale mail (worn)
 c - a +0 shield (worn)
Jewellery
 j - a -5 ring of evasion (left hand)
 k - a cursed ring of teleportation (right hand)
Scrolls
 h - 2 scrolls of enchant armour
 i - a scroll of enchant weapon
Potions
 e - a potion of might
Miscellaneous
 f - a plain deck of escape {drawn: 2}


   Skills:
 + Level 4.5 Fighting
 + Level 2.9 Long Blades
 + Level 4.2 Armour
 + Level 1.5 Dodging
 + Level 0.1 Stealth
 + Level 4.6 Shields


You had 3 spell levels left.
You didn't know any spells.

Dungeon Overview and Level Annotations

Branches:
Dungeon (3/15)

Altars:
Ashenzari
Elyvilon
Nemelex Xobeh
Qazlal

Annotations:
D:3 Jessica


Innate Abilities, Weirdness & Mutations

You reflexively headbutt those who attack you in melee.
You have a pair of horns on your head.


Message History

You slash the kobold!! You freeze the kobold.
You kill the kobold!
You feel sick.
You now have 127 gold pieces (gained 19).
You feel sick.
You feel sick.
You feel sick.
You feel sick.
Jessica the Apprentice Sorceress comes into view.
Jessica shouts!
You feel sick.
You are no longer poisoned.
Jessica mumbles some strange words.
Jessica blinks!
Jessica mumbles some strange words.
Jessica blinks!
Jessica gestures at you while chanting. Pain shoots through your body!
You die...
Your body disappears without a glow.

........##.#####..##...########..
#....#.#...# ####._._.#(.......
####.#.#.### ###8###########
#.#...# ##########..# # #.....#
##....#.....# ### ##....#
#...........#######.. #.. .#
#...........(.......# # #
#..........##########
#...@..#..## #...@..#..#
#......#### ##....## ######
######### ......... #########


You could see Jessica.

Vanquished Creatures
  A gnoll (D:2)
  4 adders
  A worm (D:3)
  5 orcs (D:3)
  A giant cockroach (D:1)
  4 goblins (D:1)
  7 hobgoblins
  7 bats
  2 giant geckos (D:3)
  2 giant newts
  8 kobolds
  A quokka (D:3)
  9 rats
52 creatures vanquished.

Notes
Turn   | Place    | Note
--------------------------------------------------------------
     0 | D:1      | serseaman, the Minotaur Fighter, began the quest for the Orb.
     0 | D:1      | Reached XP level 1. HP: 19/19 MP: 1/1
   241 | D:1      | Reached XP level 2. HP: 27/27 MP: 1/1
   338 | D:1      | Reached skill level 4 in Shields
   525 | D:1      | Reached skill level 1 in Dodging
   630 | D:2      | Found a sparkling altar of Nemelex Xobeh.
   640 | D:2      | Became a worshipper of Nemelex Xobeh the Trickster
   650 | D:2      | Found a shattered altar of Ashenzari.
   655 | D:2      | Saw a vision of the Swamp and the Spider Nest.
   655 | D:2      | Noticed a redback
   655 | D:2      | Noticed a spider
   655 | D:2      | Noticed a redback
   655 | D:2      | Noticed a water moccasin
   655 | D:2      | Noticed an alligator
   656 | D:2      | Noticed a redback
   659 | D:2      | Noticed a scorpion
   758 | D:2      | Reached XP level 3. HP: 29/33 MP: 2/2
   786 | D:2      | Received a gift from Nemelex Xobeh
   795 | D:2      | You fall through a shaft!
   953 | D:3      | Reached XP level 4. HP: 39/41 MP: 2/2
  1080 | D:3      | Found a white marble altar of Elyvilon.
  1080 | D:3      | Found a stormy altar of Qazlal.
  1230 | D:3      | HP: 2/41 [poisoned by a kobold]
  1238 | D:3      | HP: 1/41 [poisoned by a kobold]
  1420 | D:3      | Noticed Jessica
  1426 | D:3      | Killed from afar by Jessica

Action                   |  1- 3 |  4- 6 || total
-------------------------+-------+-------++-------
Melee: Long sword        |    44 |       ||    44
       Falchion          |    26 |    26 ||    52
Evoke: Deck              |     1 |     1 ||     2
  Use: Scroll            |     5 |     1 ||     6
       Potion            |     2 |     1 ||     3
  Eat: Bread ration      |       |     2 ||     2
